 Dungeon Crawl Stone Soup version 0.27-a0-1193-g8631133539 (webtiles) character file.

Game seed: 14681972947569022560

761 robertstho the Skirmisher (level 7, -5/44 HPs)
             Began as a Tengu Berserker on May 26, 2021.
             Was a Believer of Trog.
             Killed by divine providence
             ... invoked by an orc priest
              (16 damage)
             ... on level 4 of the Dungeon.
             The game lasted 00:06:10 (3477 turns).

robertstho the Skirmisher (Tengu Berserker)         Turns: 3477, Time: 00:06:11

Health: -5/44      AC:  6    Str: 19    XL:     7   Next: 80%
Magic:  8/8        EV: 11    Int:  7    God:    Trog [**....]
Gold:   17         SH:  9    Dex: 14    Spells: 6/6 levels left

rFire    + . .     SeeInvis .   g - +0 broad axe (vorpal)
rCold    . . .     Faith    .   e - +1 kite shield
rNeg     . . .     Spirit   .   d - +0 ring mail
rPois    .         Reflect  .   (helmet restricted)
rElec    .         Harm     .   (no cloak)
rCorr    .         Rampage  .   (no gloves)
Will     .....                  (boots unavailable)
Stlth    +.........             (no amulet)
HPRegen  0.14/turn              c - ring of protection from fire
MPRegen  0.11/turn              (no ring)

@: on berserk cooldown, flying quickly and evasively, slowed, very slow
A: beak, talons 3, nimble flight
a: Renounce Religion, Berserk, Trog's Hand


You were on level 4 of the Dungeon.
You worshipped Trog.
Trog was pleased with you.
You visited 1 branch of the dungeon, and saw 4 of its levels.

You collected 107 gold pieces.
You spent 90 gold pieces at shops.

Inventory:

Hand Weapons
 g - a +0 vorpal broad axe (weapon)
Armour
 d - a +0 ring mail (worn)
 e - a +1 kite shield (worn)
Jewellery
 c - a ring of protection from fire (left hand)
Scrolls
 a - a scroll of fog {unknown}
Potions
 b - a potion of degeneration {unknown}
 f - a potion of ambrosia
 h - a potion of magic {unknown}
 i - 2 potions of curing
 k - a potion of flight {unknown}
 l - a potion of attraction {unknown}


   Skills:
 * Level 5.1 Fighting
 + Level 4.4 Long Blades
 + Level 3.4 Axes
 * Level 4.5 Armour
 * Level 4.1 Dodging
 + Level 1.5 Stealth
 + Level 2.1 Shields


You had 6 spell levels left.
You didn't know any spells.
Your spell library was empty.

Dungeon Overview and Level Annotations

Branches:
Dungeon (4/15)
 Temple: D:4-7

Altars:
Zin

Shops:
D:2 =


Innate Abilities, Weirdness & Mutations

You have a beak for a mouth.
You have claws for feet.
Your magical nature lets you fly swiftly and evasively.


Message History

The orc priest shouts!
You claw the orc priest!
The orc priest is almost dead.
You slash the orc!
You kill the orc!
Trog accepts your kill.
The orc priest casts a cantrip, but nothing happens.
The orc priest hits you but does no damage.
You slice the orc priest!!
You kill the orc priest!
Trog accepts your kill.
You closely miss the orc wizard.
The orc wizard hits you but does no damage.
The orc wizard blocks your attack.
You peck the orc wizard!
The orc wizard is heavily wounded.
You block the orc wizard's attack.
The orc wizard hits you but does no damage.
You closely miss the orc wizard. The orc wizard blocks your attack.
The orc wizard is heavily wounded.
The orc priest looks encouraged for a moment.
The orc wizard barely misses you.
You barely miss the orc wizard. Your kick misses the orc wizard.
Your peck misses the orc wizard.
The orc wizard is heavily wounded.
The orc priest calls upon Beogh to heal the orc wizard.
The orc wizard is healed somewhat.
You hit the orc wizard. Your peck misses the orc wizard.
The orc wizard is severely wounded.
The orc wizard hits you but does no damage.
The orc priest calls upon Beogh to heal the orc wizard.
The orc wizard is healed somewhat.
You block the orc wizard's attack.
You closely miss the orc wizard. You claw the orc wizard.
You peck the orc wizard.
The orc wizard is almost dead.
You are no longer berserk.
You are exhausted.
You feel yourself slow down.
The orc priest invokes the aid of Beogh against you.
Beogh smites you!
You die...

..#..# ## .....# ###.##
.....# ..<.## ...)##
####.#..# #..##
##.##....## ##..#
###..?......#
....###........#..# #
....##........)#.###...#
....#.........).@..o....
...............o).......
)......#................
..††..####..............
..#.....................
#.#.....................
#..........##...........
..###......#.....##.....
..###......#


You could see an orc priest and an orc wizard.

Vanquished Creatures
  3 necrophages
  2 ogres (D:4)
  Blork the orc (D:4)
  A hound (D:4)
  A jelly (D:4)
  2 orc priests (D:4)
  2 iguanas
  4 adders
  A worm (D:2)
  3 dart slugs
  An orc (D:4)
  5 ball pythons
  4 endoplasms
  A giant cockroach (D:2)
  5 goblins
  6 hobgoblins
  6 jackals
  6 kobolds
  2 quokkas (D:1)
  6 bats
  2 frilled lizards
  A rat (D:3)
65 creatures vanquished.

Notes
Turn   | Place    | Note
-------+----------+-------------------------------------------
     0 | D:1      | robertstho the Tengu Berserker began the quest for the Orb.
     0 | D:1      | Reached XP level 1. HP: 14/14 MP: 2/2
   181 | D:1      | Identified the Catalogue of Enchantment
   517 | D:1      | Reached XP level 2. HP: 19/19 MP: 3/3
  1052 | D:2      | Reached XP level 3. HP: 15/24 MP: 4/4
  1738 | D:2      | Reached ** piety under Trog
  1745 | D:2      | Reached XP level 4. HP: 18/29 MP: 5/5
  1963 | D:2      | Found Ufoquf's Jewellery Shop.
  2012 | D:2      | Found a glowing silver altar of Zin.
  2367 | D:3      | Reached skill level 4 in Fighting
  2530 | D:3      | Noticed a necrophage
  2537 | D:3      | Killed a necrophage
  2538 | D:3      | Reached skill level 1 in Stealth
  2538 | D:3      | Reached skill level 1 in Shields
  2538 | D:3      | Gained mutation: Your magical nature lets you fly swiftly
                  | and evasively. [Tengu growth]
  2538 | D:3      | Reached XP level 5. HP: 14/33 MP: 6/6
  2807 | D:3      | Found Zin's Purification Station.
  2807 | D:3      | Found a glowing silver altar of Zin.
  2813 | D:3      | Bought a potion of curing for 90 gold pieces
  3161 | D:4      | Noticed an ogre
  3166 | D:4      | Killed an ogre
  3167 | D:4      | Reached skill level 1 in Axes
  3167 | D:4      | Reached XP level 6. HP: 39/39 MP: 7/7
  3298 | D:4      | Noticed Blork the orc
  3299 | D:4      | Noticed a necrophage
  3304 | D:4      | Killed Blork the orc
  3306 | D:4      | Killed a necrophage
  3307 | D:4      | Reached XP level 7. HP: 30/44 MP: 8/8
  3425 | D:4      | Reached skill level 5 in Fighting
  3477 | D:4      | Killed from afar by an orc priest

Illustrated notes

Levels and vault maps discovered:
D:1:      dpeg_arrival_arbitrary_c, layout_loops_corners
D:2:      layout_loops_ring, basic_altar, serial_shops,
          nicolae_shop_window_shopping, minmay_quantized
D:3:      layout_loops_ring, zin_purify, nicolae_underground_beach
D:4:      layout_cave_pools, grunt_temple_overflow_open, enter_ossuary_4,
          uniq_menkaure, uniq_duvessa, uniq_eustachio, uniq_blork_the_orc

Skill      XL: |  1  2  3  4  5  6  7 |
---------------+----------------------+-----
Long Blades    | 4 |  4.4
Fighting       | 4 5 |  5.1
Armour         | 3 4 |  4.5
Dodging        | 3 4 |  4.1
Stealth        | 1 |  1.5
Shields        | 1 2 |  2.1
Axes           | 1 2 3 |  3.4

Action                   |  1- 3 |  4- 6 |  7- 9 || total
-------------------------+-------+-------+-------++-------
Melee: Falchion          |    62 |     9 |       ||    71
       Kick              |    24 |    10 |     5 ||    39
       Peck              |    10 |     4 |     3 ||    17
       Broad axe         |       |    42 |    19 ||    61
Invok: Berserk           |       |     1 |     2 ||     3
  Use: Scroll            |       |     6 |       ||     6
 Stab: Sleeping          |     1 |       |       ||     1
Armor: Animal skin       |    14 |       |       ||    14
       Ring mail         |       |    19 |     9 ||    28
Dodge: Dodged            |    33 |    23 |     4 ||    60
Block: Kite shield       |    23 |    24 |     7 ||    54
       Rpst.: Falchion   |    11 |     1 |       ||    12

Table legend: (Time is in decaauts)
 A = Elapsed time spent in this place.
 B = Non-inter-level travel time spent in this place.
 C = Inter-level travel time spent in this place.
 D = Time resting spent in this place.
 E = Time spent auto-exploring this place.
 F = Levels seen in this place.
 G = Mean time per level.
                   A        B        C        D        E       F      G
               +--------+--------+--------+--------+--------+-----+--------+
         Total |   3505 |   3406 |     99 |      0 |   2895 |   4 |  876.2 |
       Dungeon |   3505 |   3406 |     99 |      0 |   2895 |   4 |  876.2 |
               +--------+--------+--------+--------+--------+-----+--------+

Top non-repeatable levels by time:
     D:2: 1294 daAuts
     D:1: 978 daAuts
     D:3: 891 daAuts
     D:4: 341 daAuts
